AoeStats
← Dru Peacock the Flacid

Arabia

505477536Analyzed
4v4 RM · 23d ago on Sep 9, 2026· 58m 44s· 8 players
Game mode
Random Map
Map size
Large (8 player)
Population
200
Speed
Normal
Resources
Standard
Victory
Conquest
Starting age
Dark Age
Ending age
Imperial Age
RankedLock teamsTeams togetherTeam positionsShared explorationLock speedFull tech treeHidden civsTurbo modeCheats
Victory
Defeat
🇺🇸 Spanish · United States
968
+24
🇬🇧 Vietnamese · United Kingdom
960
+12
🇨🇿 Bohemians · Czechia
835
+17
🇨🇳 Sicilians · China
831
+17
🇺🇸 Khmer · United States
875
-15
🇨🇴 Goths · Colombia
870
-15
🇬🇧 Magyars · United Kingdom
855
-14
🇨🇴 Slavs · Colombia
831
-13
Dru Peacock the Flacid
4:37 Loom
11:56 Feudal Age
12:48 Double-Bit Axe
19:04 Gold Mining
22:21 Castle Age
20:57 Fletching
21:08 Padded Archer Armor
23:10 Thumb Ring
23:26 Leather Archer Armor
23:06 Bodkin Arrow
23:59 Bloodlines
25:02 Bow Saw
29:03 Wheelbarrow
28:13 Town Watch
31:11 Gold Shaft Mining
31:02 Ballistics
30:50 Scale Barding Armor
30:49 Husbandry
33:27 Murder Holes
33:45 Horse Collar
34:33 Chain Barding Armor
36:38 Hand Cart
37:04 Masonry
37:04 Heavy Plow
41:12 Imperial Age
41:56 Corvinian Army
41:58 Recurve Bow
42:19 Conscription
42:31 Parthian Tactics
41:26 Heavy Cavalry Archer
41:37 Cavalier
42:51 Town Patrol
43:58 Two-Man Saw
42:50 Stone Mining
43:07 Bracer
43:43 Plate Barding Armor
44:52 Hoardings
45:21 Chemistry
46:13 Crop Rotation
45:55 Paladin
48:58 Ring Archer Armor
51:46 Siege Engineers
rampagingcarrot
8:09 Loom
11:01 Feudal Age
12:18 Double-Bit Axe
20:02 Horse Collar
20:14 Gold Mining
29:12 Castle Age
27:40 Fletching
27:52 Padded Archer Armor
29:44 Crossbowman
30:55 Bow Saw
33:35 Imperial Age
31:43 Gold Shaft Mining
33:03 Stone Mining
34:25 Stone Shaft Mining
36:44 Heavy Plow
48:05 Forging
48:00 Scale Barding Armor
50:41 Bloodlines
50:31 Husbandry
51:15 Husbandry
50:37 Cavalier
51:24 Light Cavalry
51:56 Pikeman
54:12 Iron Casting
53:38 Scale Mail Armor
53:59 Chain Barding Armor
masanchezt
12:20 Feudal Age
17:35 Castle Age
15:41 Double-Bit Axe
16:42 Horse Collar
18:35 Heavy Plow
18:46 Bow Saw
19:03 Bow Saw
28:29 Heavy Plow
28:44 Squires
31:55 Wheelbarrow
33:24 Hand Cart
36:32 Imperial Age
34:54 Pikeman
35:45 Forging
35:35 Scale Mail Armor
36:06 Man-at-Arms
36:49 Town Watch
37:03 Long Swordsman
37:08 Halberdier
38:38 Iron Casting
38:18 Chain Mail Armor
37:45 Two-Handed Swordsman
38:36 Champion
39:29 Perfusion
38:55 Capped Ram
43:09 Blast Furnace
43:11 Onager
51:16 Chemistry
Eng - Esp
7:33 Loom
10:14 Feudal Age
10:57 Double-Bit Axe
10:54 Horse Collar
17:12 Bloodlines
17:55 Town Watch
18:46 Scale Barding Armor
18:52 Forging
21:19 Gold Mining
21:19 Stone Mining
24:22 Castle Age
24:28 Castle Age
PanPixu
5:10 Loom
10:35 Feudal Age
16:19 Wheelbarrow
18:20 Castle Age
16:52 Double-Bit Axe
16:49 Horse Collar
21:39 Heavy Plow
22:02 Bow Saw
23:54 Murder Holes
23:48 Pikeman
24:57 Scale Barding Armor
24:56 Scale Mail Armor
25:10 Forging
25:22 Squires
25:09 Arson
27:25 Chemistry
27:55 Iron Casting
27:36 Chain Mail Armor
27:46 Wagenburg Tactics
30:46 Fletching
32:25 Ballistics
35:16 Imperial Age
33:22 Caravan
36:24 Conscription
35:33 Elite Hussite Wagon
36:21 Hussite Reforms
37:41 Two-Man Saw
39:48 Hand Cart
39:20 Town Watch
40:49 Bodkin Arrow
41:56 Blast Furnace
41:26 Plate Mail Armor
40:21 Halberdier
-Slipstream/Matt
5:15 Loom
10:00 Feudal Age
10:41 Double-Bit Axe
19:24 Castle Age
21:34 Wheelbarrow
20:52 Gold Mining
22:54 Elite Skirmisher
23:35 Fletching
24:38 Bodkin Arrow
25:29 Thumb Ring
27:53 Bow Saw
28:01 Hand Cart
31:58 Stone Mining
35:27 Stone Shaft Mining
35:20 Squires
35:05 Arson
35:54 Town Watch
42:03 Imperial Age
41:39 Town Patrol
44:59 Paper Money
44:49 Elite Fire Lancer
48:44 Caravan
50:39 Ballistics
51:20 Chemistry
49:51 Heavy Cavalry Archer
51:49 Imperial Skirmisher
58:42 Bracer
58:43 Padded Archer Armor
58:43 Scale Mail Armor
BuDrakexn
10:42 Feudal Age
11:54 Double-Bit Axe
19:17 Castle Age
19:20 Horse Collar
23:31 Wheelbarrow
23:15 Gold Mining
23:39 Forging
22:59 Pikeman
24:56 Scale Barding Armor
26:09 Stone Mining
29:04 Hand Cart
29:19 Chain Barding Armor
29:51 Bow Saw
31:56 Husbandry
32:07 Bloodlines
33:38 Heavy Plow
33:28 Loom
36:47 Imperial Age
34:57 Murder Holes
35:23 Ballistics
36:08 Iron Casting
36:07 Caravan
37:21 Cavalier
40:16 Blast Furnace
39:52 Plate Barding Armor
40:08 Paladin
41:26 Conscription
41:04 Fletching
42:21 Chemistry
42:54 Hoardings
42:50 Bodkin Arrow
47:11 Bracer
50:50 Two-Man Saw
kaisar0615
3:10 Loom
12:43 Feudal Age
15:23 Scale Mail Armor
29:06 Castle Age
30:54 Elite Skirmisher
37:04 Fletching
37:14 Padded Archer Armor
37:09 Horse Collar
38:08 Double-Bit Axe
39:27 Bow Saw
41:10 Gold Mining
41:13 Stone Mining
43:01 Wheelbarrow
42:11 Town Watch
44:11 Bodkin Arrow
44:32 Leather Archer Armor
47:02 Imperial Age
46:05 Chain Mail Armor
46:01 Forging
46:08 Murder Holes
46:25 Masonry
47:13 Capped Ram
47:42 Elite Serjeant
49:23 Plate Mail Armor
49:29 Iron Casting
48:50 Arrowslits
50:03 Imperial Skirmisher
50:50 Heavy Plow
51:14 Siege Ram
53:32 Pikeman
54:15 Halberdier
55:49 Bracer
Connection lost

Rejoining the realm…

Still unreachable

The connection could not be restored.

Session expired

The server has moved on; the page needs a fresh start.